 Dungeon Crawl Stone Soup version 0.22.0-49-gab54619 (webtiles) character file.

13 sbiou the Protected (level 2, -3/23 HPs)
             Began as a Gnoll Wanderer on Sept 3, 2018.
             Slain by a gnoll
             ... wielding a +0 spear
              (10 damage)
             ... on level 1 of the Dungeon.
             The game lasted 00:02:18 (135 turns).

sbiou the Protected (Gnoll Wanderer)                 Turns: 135, Time: 00:02:19

Health: -3/23      AC:  4    Str: 14    XL:     2   Next: 37%
Magic:  2/2        EV: 11    Int: 19    God:
Gold:   0          SH:  0    Dex: 13    Spells: 1/1 levels left

rFire    . . .     SeeInvis .   a - +2 hand crossbow
rCold    . . .     Gourm    .   (no shield)
rNeg     . . .     Faith    .   h - +0 leather armour (curse)
rPois    .         Spirit   .   (no helmet)
rElec    .         Reflect  .   (no cloak)
rCorr    .         Harm     .   (no gloves)
MR       .....                  (no boots)
Stlth    +.........             (no amulet)
HPRegen  0.07/turn              g - +4 ring of intelligence
MPRegen  0.08/turn              (no ring)

@: no status effects
A: distributed training, fangs 1, strong nose
a: no special abilities


You were on level 1 of the Dungeon.
You were not hungry.

You visited 1 branch of the dungeon, and saw 1 of its levels.

Inventory:

Hand Weapons
 a - a +2 hand crossbow (weapon)
 d - a +0 mace
Missiles
 b - 8 bolts (quivered)
Armour
 e - a +0 robe
 h - a cursed +0 leather armour (worn)
Jewellery
 g - a +4 ring of intelligence (left hand)
Potions
 c - a potion of lignification
Comestibles
 f - 2 rations


   Skills:
 + Level 2.4 Fighting
 + Level 0.3 Short Blades
 + Level 0.3 Long Blades
 + Level 0.3 Axes
 + Level 2.4 Maces & Flails
 + Level 0.3 Polearms
 + Level 0.3 Staves
 + Level 0.3 Slings
 + Level 0.3 Bows
 + Level 4.4 Crossbows
 + Level 2.4 Throwing
 + Level 8.4 Armour
 + Level 0.3 Dodging
 + Level 0.3 Stealth
 + Level 2.4 Shields
 + Level 0.3 Unarmed Combat
 + Level 0.3 Spellcasting
 + Level 0.2 Conjurations
 + Level 0.2 Hexes
 + Level 0.2 Charms
 + Level 0.2 Summonings
 + Level 0.2 Necromancy
 + Level 0.2 Translocations
 + Level 0.2 Transmutations
 + Level 0.2 Fire Magic
 + Level 0.2 Ice Magic
 + Level 0.2 Air Magic
 + Level 0.2 Earth Magic
 + Level 0.2 Poison Magic
 + Level 0.4 Invocations
 + Level 0.3 Evocations


You had one spell level left.
You didn't know any spells.
Your spell library was empty.

Dungeon Overview and Level Annotations

Branches:
Dungeon (1/15)

Altars:


Innate Abilities, Weirdness & Mutations

Your experience applies equally to all skills.
You have very sharp teeth.
Your uncanny sense of smell can sniff out nearby items.


Message History

Press: ? - help, Shift-Dir - straight line, f/p - goblin
Aim: a goblin, wielding a dagger You shoot a bolt.
The bolt hits the goblin!
You kill the goblin!
The giant cockroach bites you but does no damage.
The gnoll hits you from afar with a spear.
The giant cockroach bites you but does no damage.
You are too injured to fight recklessly!
You are too injured to fight recklessly!
You are too injured to fight recklessly!
Really attack while wielding your +2 hand crossbow?
Okay, then.
You are too injured to fight recklessly!
You are too injured to fight recklessly!
Really attack while wielding your +2 hand crossbow? [Y]es or [N]o only, please.
Really attack while wielding your +2 hand crossbow?
You miss the leopard gecko. The leopard gecko barely misses you.
The gnoll hits you from afar with a spear!
You die...

..................
.(...)...(.%......
.........(.....(..
.........(........
..................
..(.....).........
..........sg......
...###.##l###....
#.†.@.......
##########.#.#######
#..........#.#
#.########.#.# #.#
#.#.###
#.########.....
#.#..........#
#............#
###..........#


You could see a gnoll, a leopard gecko and a giant cockroach.

Vanquished Creatures
  An ooze (D:1)
  A bat (D:1)
  2 goblins (D:1)
  A hobgoblin (D:1)
  A kobold (D:1)
  A frilled lizard (D:1)
  A rat (D:1)
8 creatures vanquished.

Notes
Turn   | Place    | Note
-------+----------+-------------------------------------------
     0 | D:1      | sbiou the Gnoll Wanderer began the quest for the Orb.
     0 | D:1      | sbiou set off with: a +2 hand crossbow, 20 bolts, a potion
                  | of lignification, a +0 mace, a +0 robe, a ration
     0 | D:1      | Reached XP level 1. HP: 17/17 MP: 1/1
    71 | D:1      | Reached XP level 2. HP: 23/23 MP: 2/2
   135 | D:1      | Slain by a gnoll

Action                   || total
-------------------------++-------
Melee: Hand crossbow     ||     1
 Fire: Hand crossbow     ||    19
  Use: Scroll            ||     1
Armor: Leather armour    ||     6
Dodge: Dodged            ||     4
